 Dungeon Crawl Stone Soup version 0.26.1-2-gb8aa6d0cf2 (webtiles) character file.

Game seed: 1528521775062535833

5037 tardwrangler69 the Cleaver (level 10, -7/132 (135) HPs)
             Began as a Minotaur Fighter on Mar 30, 2021.
             Was a Priest of Okawaru.
             Mangled by a komodo dragon (10 damage)
             ... on level 9 of the Dungeon.
             The game lasted 00:06:58 (9231 turns).

tardwrangler69 the Cleaver (Minotaur Fighter)       Turns: 9231, Time: 00:06:59

HP:   -7/132 (135)  AC:  9    Str: 24    XL:     10   Next: 30%
MP:   9/9           EV: 15    Int:  5    God:    Okawaru [***...]
Gold: 646           SH:  9    Dex: 10    Spells: 9/9 levels left

rFire    . . .     SeeInvis +   B - +1 war axe (flame) (curse)
rCold    . . .     Faith    .   c - +0 kite shield
rNeg     . . .     Spirit   .   b - +0 scale mail
rPois    .         Reflect  .   (helmet restricted)
rElec    .         Harm     .   (no cloak)
rCorr    .         Rampage  .   u - +0 pair of gloves
Will     .....                  (no boots)
Stlth    ..........             (no amulet)
HPRegen  0.32/turn              i - +4 ring of evasion
MPRegen  0.11/turn              h - ring of see invisible

@: mighty, berserking, lethally poisoned (-7 -> -9), lightly drained, very quick
A: retaliatory headbutt, horns 2
a: Renounce Religion, Heroism


You were on level 9 of the Dungeon.
You worshipped Okawaru.
Okawaru was most pleased with you.
You visited 2 branches of the dungeon, and saw 10 of its levels.

You collected 646 gold pieces.

Inventory:

Hand Weapons
 a - a +1 war axe
 B - a cursed +1 war axe of flaming (weapon)
Missiles
 y - 4 silver javelins (quivered)
Armour
 b - a +0 scale mail (worn)
 c - a +0 kite shield (worn)
 u - a +0 pair of gloves (worn)
Jewellery
 h - a ring of see invisible (right hand)
 i - a +4 ring of evasion (left hand)
 m - an uncursed ring of ice
Wands
 t - a wand of acid (11)
 z - a wand of polymorph (12)
Scrolls
 e - 4 scrolls of teleportation
 f - 6 scrolls of fear
 j - 6 scrolls of remove curse
 n - 3 scrolls of amnesia
 o - a scroll of blinking {unknown}
 q - 3 scrolls of identify
 C - a scroll of acquirement {unknown}
 D - a scroll of random uselessness {unknown}
 E - a scroll of immolation
Potions
 d - 2 potions of might
 g - 4 potions of curing
 k - a potion of heal wounds {unknown}
 l - 2 potions of mutation
 p - a potion of attraction {unknown}
 r - 2 potions of berserk rage
 s - a potion of brilliance {unknown}
 v - 3 potions of flight
 w - 2 potions of haste {unknown}
 x - a potion of degeneration {unknown}
 A - a potion of magic {unknown}
 F - 2 potions of ambrosia


   Skills:
 + Level 8.9 Fighting
 * Level 11.6 Axes
 + Level 9.0 Armour
 + Level 7.3 Dodging
 - Level 4.0 Shields


You had 9 spell levels left.
You didn't know any spells.
Your spell library was empty.

Dungeon Overview and Level Annotations

Branches:
Dungeon (9/15)             Temple (1/1) D:6             Orc (0/2) D:9
   Lair: D:8-11

Altars:
Ashenzari
Cheibriados
Dithmenos
Elyvilon
Fedhas
Gozag
Hepliaklqana
Kikubaaqudgha
Makhleb
Nemelex Xobeh
Okawaru
Qazlal
Ru
Sif Muna
Trog
Uskayaw
Vehumet
Wu Jian
Xom
Yredelemnul
Zin
The Shining One

Shops:
D:5 !   D:6 :


Innate Abilities, Weirdness & Mutations

You reflexively headbutt those who attack you in melee.
You have a pair of horns on your head.


Message History

* * * LOW HITPOINT WARNING * * *
A red film seems to cover your vision as you go berserk!
You feel yourself moving faster!
You feel mighty! The killer bee barely misses you. The killer bee stings you.
* * * LOW HITPOINT WARNING * * *
You block the killer bee's attack. x2; The komodo dragon barely misses you.
The killer bee closely misses you. You furiously retaliate!
You headbutt the killer bee! The killer bee barely misses you.
You miss the killer bee.
The killer bee is severely wounded.
You hit the komodo dragon. You burn the komodo dragon.
You slash the killer bee! You burn the killer bee. You hit the killer bee.
You burn the killer bee. You block the killer bee's attack.
The killer bee stings you.
* * * LOW HITPOINT WARNING * * *
You are poisoned.
The killer bee poisons you!
The killer bee stings you but does no damage.
The komodo dragon bites you!
You die...

P....
#.....#######......
PP.P.. ###.###
#...... P...P. ##.#
#......
...P..###..#
#.....†
..?P..W.#.##
######' .PP...)†#.#
#... ...P..)...#
#######'##
P..PP.)#y####
#.........
PPPP....y@..#
+.........
.P..P...ly..#
#........)
P..PPP......+
#........(
.P.P..#.....#
#.........
.PP..)##+####
######+### .....#
#. ..P. #. #.# #..


You could see a komodo dragon, a phantom and 3 killer bees.

Vanquished Creatures
  Pikel (D:4)
  Grinder (D:3)
  Sigmund (D:6)
  2 yaks (D:9)
  2 water moccasins (D:9)
  Duvessa (D:5)
  3 orc warriors
  2 black bears
  2 ice beasts (D:8)
  An ogre (D:7)
  3 sky beasts
  2 phantoms
  A centaur (D:6)
  4 lemures (D:4)
  Blork the orc (D:6)
  2 big kobolds
  8 bullfrogs
  A gnoll sergeant (D:8)
  A scorpion (D:5)
  A water moccasin skeleton (D:7)
  Dowan (D:5)
  8 wights
  A crimson imp (D:7)
  A centaur zombie (D:5)
  3 hounds
  2 jellies
  A centaur skeleton (D:4)
  3 orc priests
  2 orc wizards
  A bullfrog skeleton (D:7)
  4 iguanas
  8 worker ants
  2 hound skeletons
  A worker ant zombie (D:8)
  3 howler monkey zombies
  8 gnolls (D:8)
  7 adders
  A shadow imp (D:5)
  A white imp (D:6)
  An ufetubus (D:7)
  An ooze (D:3)
  2 adder skeletons
  5 worms
  3 dart slugs
  5 leopard geckos
  29 orcs
  8 bats
  3 giant cockroaches
  2 goblins
  6 hobgoblins
  4 jackals (D:7)
  15 kobolds
  5 quokkas
  A ball python (D:1)
  3 frilled lizards
  A jackal zombie (D:5)
  A leopard gecko skeleton (D:6)
  A leopard gecko zombie (D:7)
  7 rats
201 creatures vanquished.

Vanquished Creatures (others)
  18 fungi (D:9)
  13 plants (D:9)
  4 withered plants (D:6)
35 creatures vanquished.

Grand Total: 236 creatures vanquished

Notes
Turn   | Place    | Note
-------+----------+-------------------------------------------
     0 | D:1      | tardwrangler69 the Minotaur Fighter began the quest for the
                  | Orb.
     0 | D:1      | Reached XP level 1. HP: 19/19 MP: 0/0
   151 | D:1      | Reached XP level 2. HP: 23/27 MP: 1/1
   312 | D:1      | Reached skill level 3 in Axes
   654 | D:1      | Reached skill level 1 in Dodging
   746 | D:1      | Reached XP level 3. HP: 33/33 MP: 2/2
  1099 | D:2      | Found a sacrificial altar of Ru.
  1144 | D:2      | Found a white marble altar of Elyvilon.
  1587 | D:2      | Found a stormy altar of Qazlal.
  1681 | D:2      | Reached XP level 4. HP: 39/40 MP: 3/3
  1930 | D:3      | Noticed Grinder
  1950 | D:3      | Paralysed by Grinder for 2 turns
  1964 | D:3      | Paralysed by Grinder for 6 turns
  1972 | D:3      | Killed Grinder
  1973 | D:3      | Reached skill level 5 in Axes
  1973 | D:3      | Reached XP level 5. HP: 13/47 MP: 4/4
  1973 | D:3      | Reached XP level 6. HP: 15/53 MP: 5/5
  3024 | D:4      | Reached skill level 5 in Armour
  3163 | D:4      | Reached skill level 5 in Fighting
  3326 | D:4      | Noticed Pikel
  3346 | D:4      | Killed Pikel
  3347 | D:4      | Reached skill level 7 in Axes
  3347 | D:4      | Reached XP level 7. HP: 15/62 MP: 6/6
  3627 | D:4      | Found a basalt altar of Yredelemnul.
  3627 | D:4      | Found a shimmering altar of Xom.
  3899 | D:4      | Found a hazy altar of Hepliaklqana.
  3922 | D:5      | Entered Level 5 of the Dungeon
  4144 | D:5      | Reached XP level 8. HP: 70/70 MP: 7/7
  4150 | D:5      | Noticed Dowan
  4155 | D:5      | Noticed Duvessa
  4159 | D:5      | Killed Dowan
  4170 | D:5      | Killed Duvessa
  4488 | D:5      | Reached skill level 8 in Axes
  4524 | D:5      | Found Saemuig's Distillery.
  4818 | D:6      | Found Dahanih's Book Boutique.
  4909 | D:6      | Found a staircase to the Ecumenical Temple.
  4919 | Temple   | Entered the Ecumenical Temple
  5177 | D:6      | Noticed Blork the orc
  5186 | D:6      | Killed Blork the orc
  5187 | D:6      | Reached skill level 5 in Dodging
  5255 | D:6      | Noticed Sigmund
  5268 | D:6      | Killed Sigmund
  5792 | D:6      | Found a blossoming altar of Fedhas.
  5796 | D:6      | Found an ancient bone altar of Kikubaaqudgha.
  5803 | D:6      | Reached skill level 9 in Axes
  5878 | D:6      | Found a broken altar of Ashenzari.
  5950 | D:6      | Found a shimmering blue altar of Sif Muna.
  6016 | D:7      | Reached XP level 9. HP: 79/79 MP: 8/8
  6120 | D:7      | Found an iron altar of Okawaru.
  6127 | D:7      | Found an opulent altar of Gozag.
  6139 | D:7      | Became a worshipper of Warmaster Okawaru
  6687 | D:7      | Found a burning altar of Makhleb.
  6945 | D:8      | Reached skill level 10 in Axes
  7221 | D:8      | Reached * piety under Okawaru
  7609 | D:8      | Reached ** piety under Okawaru
  8571 | D:8      | Reached skill level 11 in Axes
  8912 | D:9      | Reached XP level 10. HP: 90/90 MP: 9/9
  8953 | D:9      | Found a staircase to the Orcish Mines.
  9216 | D:9      | Reached *** piety under Okawaru
  9231 | D:9      | HP: 3/132 [killer bee (4)]
  9231 | D:9      | Mangled by a komodo dragon

Illustrated notes

Levels and vault maps discovered:
D:1:      sevenhm_arrival_forest_fort_large_2, layout_basic,
          roderic_serpentine_path, hangedman_feature_mirror,
          minmay_misc_feat_secret_circle, grunt_decor_mini_mirrors
D:2:      layout_basic, old_standard_altar, nicolae_overflow_crystal_walls,
          elyvilon_altar_1
D:3:      lemuel_upstairs_altar, layout_loops_cross, uniq_grinder
D:4:      layout_basic, kennysheep_mini_moat, gammafunk_temple_overflow_statue,
          serial_bayou_lagoon_a, minmay_bisected, uniq_pikel
D:5:      layout_loops_ring, serial_shops, shop_statue, uniq_duvessa
D:6:      layout_cave_pools, grunt_temple_overflow_growth_and_decay,
          lemuel_blue_sif_altar, ashenzari_conservatory_becter,
          minmay_temple_entry_proselytizer, serial_shops, shop, uniq_sigmund,
          uniq_blork_the_orc
D:7:      layout_loops_ring, makhleb_grotto_becter, grunt_temple_overflow_open
D:8:      layout_layer_cave
D:9:      layout_roguey, due_lair_maze_entry_diamond, david_orc_2,
          xom_teletrap_fun
Temple:   dpeg_chambers_temple

Skill      XL: |  1  2  3  4  5  6  7  8  9 10 |
---------------+-------------------------------+-----
Axes           | 3 5 7 9 11 | 11.6
Dodging        | 1 2 4 5 6 7 |  7.3
Shields        | 4 |  4.0
Fighting       | 4 5 6 7 8 |  8.9
Armour         | 4 5 6 7 8 9 |  9.0

Action                   |  1- 3 |  4- 6 |  7- 9 | 10-12 || total
-------------------------+-------+-------+-------+-------++-------
Melee: War axe           |    69 |    84 |   365 |    53 ||   571
       Headbutt          |     5 |    18 |    69 |     8 ||   100
  Use: Potion            |       |     1 |       |     4 ||     5
       Scroll            |       |     4 |     8 |       ||    12
Armor: Scale mail        |    17 |    26 |    99 |    21 ||   163
Dodge: Dodged            |    24 |    48 |   175 |    42 ||   289
Block: Kite shield       |    33 |    36 |   177 |    29 ||   275
